 Dungeon Crawl Stone Soup version 0.27-a0-242-ge0fc76b88b (webtiles) character file.

Game seed: 6450663657010556943

88 rebelwolf the Cutter (level 4, 0/29 HPs)
             Began as a Kobold Berserker on Feb 2, 2021.
             Was a Believer of Trog.
             Slain by a goblin (1 damage)
             ... led by Robin
             ... on level 2 of the Dungeon.
             The game lasted 00:05:11 (1389 turns).

rebelwolf the Cutter (Kobold Berserker)             Turns: 1389, Time: 00:05:12

Health: 0/29       AC: 15    Str: 15    XL:     4   Next: 81%
Magic:  0/4        EV:  2    Int:  8    God:    Trog [**....]
Gold:   69         SH:  0    Dex: 14    Spells: 3/3 levels left

rFire    . . .     SeeInvis .   a - +1 short sword
rCold    . . .     Faith    .   (shield restricted)
rNeg     . . .     Spirit   +   g - +0 crystal plate armour
rPois    .         Reflect  .   (no helmet)
rElec    .         Harm     .   (no cloak)
rCorr    .         Rampage  .   (no gloves)
Will     .....                  (no boots)
Stlth    ..........             h - amulet of guardian spirit
HPRegen  0.09/turn              (no ring)
MPRegen  0.09/turn              (no ring)

@: berserk cooldown, slowed, very slow
A: small, nightstalker 3
a: Renounce Religion, Berserk, Trog's Hand


You were on level 2 of the Dungeon.
You worshipped Trog.
Trog was pleased with you.
You visited 1 branch of the dungeon, and saw 2 of its levels.

You collected 69 gold pieces.

Inventory:

Hand Weapons
 a - a +1 short sword (weapon)
Missiles
 d - 5 boomerangs
Armour
 g - a +0 crystal plate armour (worn)
Jewellery
 h - an amulet of guardian spirit (around neck)
Scrolls
 b - a scroll of identify
 c - a scroll of fear
 e - a scroll of remove curse


   Skills:
 + Level 4.2 Fighting
 + Level 4.9 Short Blades
 * Level 2.0 Armour
 + Level 2.7 Dodging
 + Level 2.2 Stealth


You had 3 spell levels left.
You didn't know any spells.
Your spell library was empty.

Dungeon Overview and Level Annotations

Branches:
Dungeon (2/15)

Altars:


Innate Abilities, Weirdness & Mutations

You are small and have problems with some larger weapons.
You are completely attuned to the shadows.


Message History

Robin is almost dead.
The goblin no longer looks unusually strong.
The goblin hits you but does no damage. x3; Robin hits you but does no damage.
The hobgoblin hits you but does no damage.
You hit Robin but do no damage.
Robin is almost dead.
The goblin hits you but does no damage. x3; The hobgoblin hits you.
* * * LOW HITPOINT WARNING * * *
The goblin hits you but does no damage. x2
You hit Robin.
You kill Robin!
Trog accepts your kill.
The hobgoblin hits you but does no damage.
The goblin hits you but does no damage. x2; The goblin barely misses you.
The goblin hits you but does no damage.
The hobgoblin hits you but does no damage.
Your Armour skill increases to level 2!
You closely miss the goblin. The goblin hits you but does no damage.
The goblin hits you.
You die...

###.# ....# #####
##.### #..... #gg.#
#gg# ##@g# ######
#gg.#
.#...###########†.#
#.............##..#
##....#######.....#
##.#.# #..#.!.#
##..#.# #..###.#
#.#.#.#### #..# .#
.##.#..... #..# #


You could see a hobgoblin (strong) and 6 goblins.

Vanquished Creatures
  Robin (D:2)
  2 adders (D:2)
  2 oozes
  2 dart slugs (D:1)
  6 giant cockroaches
  7 hobgoblins
  3 jackals (D:1)
  3 kobolds
  A quokka (D:2)
  4 frilled lizards (D:1)
  9 goblins
  3 rats
43 creatures vanquished.

Notes
Turn   | Place    | Note
-------+----------+-------------------------------------------
     0 | D:1      | rebelwolf the Kobold Berserker began the quest for the Orb.
     0 | D:1      | Reached XP level 1. HP: 14/14 MP: 1/1
    32 | D:1      | Reached XP level 2. HP: 18/19 MP: 2/2
   393 | D:1      | Reached XP level 3. HP: 24/24 MP: 3/3
   659 | D:1      | You fall into a shaft and drop 1 floor!
   733 | D:1      | Reached skill level 1 in Stealth
   974 | D:2      | Reached ** piety under Trog
   975 | D:2      | Reached XP level 4. HP: 29/29 MP: 4/4
  1357 | D:2      | Noticed Robin
  1387 | D:2      | HP: 1/29 [hobgoblin[Robin] (2)]
  1388 | D:2      | Killed Robin
  1389 | D:2      | Slain by a goblin

Illustrated notes

Levels and vault maps discovered:
D:1:      dpeg_arrival_prison, layout_basic
D:2:      layout_loops_ring, uniq_crazy_yiuf_cottage, uniq_robin

Skill      XL: |  1  2  3  4 |
---------------+-------------+-----
Fighting       | 4 |  4.2
Stealth        | 1 2 |  2.2
Armour         | 2 |  2.0
Short Blades   | |  4.9
Dodging        | |  2.7

Action                   |  1- 3 |  4- 6 || total
-------------------------+-------+-------++-------
Melee: Short sword       |    71 |    72 ||   143
Invok: Berserk           |     4 |     1 ||     5
       Trog's Hand       |       |     1 ||     1
  Use: Scroll            |     5 |     2 ||     7
       Potion            |     5 |       ||     5
 Stab: Sleeping          |    10 |       ||    10
Armor: Animal skin       |     5 |       ||     5
       Crystal plate arm |     6 |   141 ||   147
Dodge: Dodged            |    51 |    12 ||    63

Table legend: (Time is in decaauts)
 A = Elapsed time spent in this place.
 B = Non-inter-level travel time spent in this place.
 C = Inter-level travel time spent in this place.
 D = Time resting spent in this place.
 E = Time spent auto-exploring this place.
 F = Levels seen in this place.
 G = Mean time per level.
                   A        B        C        D        E       F      G
               +--------+--------+--------+--------+--------+-----+--------+
         Total |   1403 |   1373 |     30 |    115 |    702 |   2 |  701.5 |
       Dungeon |   1403 |   1373 |     30 |    115 |    702 |   2 |  701.5 |
               +--------+--------+--------+--------+--------+-----+--------+

Top non-repeatable levels by time:
     D:1: 932 daAuts
     D:2: 471 daAuts
